[Event "Titled Tuesday Blitz June 15 2021"]
[White "Ivanisevic, Ivan"]
[Black "Har-Zvi, Ronen"]
[WhiteFideId "912417"]
[BlackFideId "2801485"]
[WhiteElo "2499"]
[BlackElo "2523"]
[Result "0-1"]
[Round "11"]
[TimeControl "180+1"]
[Date "2021.06.15"]
[WhiteClock "0:00:01"]
[BlackClock "0:00:17"]

1. d4 d5 2. c4 c6 3. Nf3 Nf6 4. Nc3 dxc4 5. a4 Bf5 6. Ne5 Nbd7 7. Nxc4 Qc7 8. Bg5 e5 9. e3 Be7 10. Bd3 Bxd3 11. Qxd3 O-O 12. O-O exd4 13. Bf4 Nc5 14. Qxd4 Qd8 15. Rad1 Qxd4 16. exd4 Ne6 17. Be5 Rfd8 18. Rfe1 Nd5 19. Nxd5 Rxd5 20. Ne3 Ra5 21. d5 cxd5 22. Nxd5 Bf8 23. Nc3 Rc8 24. Rd7 Nc5 25. Rd5 Ra6 26. Red1 f6 27. Bd4 Nxa4 28. Nb5 Nc5 29. h4 h6 30. Be3 b6 31. Nd4 Ra2 32. b4 Na4 33. Rd7 Nc3 34. Re1 Bxb4 35. Nf5 Bf8 36. Kh2 Ra5 37. g4 Nd5 38. Bd4 Rc7 39. Rd8 Kf7 40. Ree8 Bc5 41. Bxc5 Raxc5 42. Rg8 Nf4 43. Rxg7+ Ke6 44. Rd6+ Ke5 45. Rg8 Re7 46. Rd1 Re6 47. Rgd8 Ke4 48. R8d4+ Kf3 49. R1d2 Rc1 50. Ne3 b5 51. Ra2 a5 52. Nf5 b4 53. Ng3 Ne2 0-1


[Site "https://www.chess.com"]

[Event "Titled Tuesday Blitz June 15 2021"]
[White "Jacobson, Brandon"]
[Black "Praggnanandhaa R"]
[WhiteFideId "30901561"]
[BlackFideId "25059530"]
[WhiteElo "2362"]
[BlackElo "2555"]
[Result "1-0"]
[Round "11"]
[TimeControl "180+1"]
[Date "2021.06.15"]
[WhiteClock "0:00:40"]
[BlackClock "0:00:05"]

1. d4 Nf6 2. c4 g6 3. Nc3 Bg7 4. e4 d6 5. Nf3 O-O 6. Be2 Nbd7 7. O-O e5 8. Qc2 c6 9. Rd1 Qe7 10. d5 c5 11. g3 Kh8 12. Nh4 Ng8 13. Ng2 f5 14. exf5 gxf5 15. f4 e4 16. Be3 Nh6 17. a3 Bf6 18. b4 Qg7 19. Rac1 a5 20. bxa5 Rxa5 21. Nb5 Qe7 22. Bd2 Ra6 23. Ne3 Rg8 24. Bc3 Bxc3 25. Qxc3+ Qf6 26. Bf1 Qxc3 27. Rxc3 Nf6 28. Bh3 Kg7 29. Rb1 Kg6 30. Nc7 Ra7 31. Nb5 Ra6 32. Nc7 Ra7 33. Rb6 Rd8 34. Rcb3 Nfg8 35. Ne6 Bxe6 36. dxe6 Ne7 37. Rxb7 Rxb7 38. Rxb7 Kf6 39. Nd5+ Nxd5 40. cxd5 Ra8 41. Rxh7 Kg6 42. Rd7 Rxa3 43. Rxd6 Ra1+ 44. Bf1 Ng4 45. e7+ Kf7 46. Re6 Ke8 47. d6 Rd1 48. d7+ Rxd7 49. Bb5 Nf6 50. Rxf6 Kxe7 51. Bxd7 Kxf6 52. Kf2 c4 53. Ke3 c3 54. Ba4 Kg6 55. Kd4 Kh5 56. Bd1+ 1-0


[Site "https://www.chess.com"]

[Event "Titled Tuesday Blitz June 15 2021"]
[White "Javakhadze, Zurab"]
[Black "Zhigalko, Sergei"]
[WhiteFideId "13603647"]
[BlackFideId "13502956"]
[WhiteElo "2381"]
[BlackElo "2662"]
[Result "0-1"]
[Round "11"]
[TimeControl "180+1"]
[Date "2021.06.15"]
[WhiteClock "0:00:02"]
[BlackClock "0:00:03"]

1. Nf3 d5 2. g3 c6 3. Bg2 Bg4 4. c4 e6 5. cxd5 Bxf3 6. Bxf3 cxd5 7. O-O Nc6 8. d3 Nf6 9. b3 Bc5 10. Bb2 O-O 11. a3 Rc8 12. b4 Bd4 13. Qd2 Bxb2 14. Qxb2 Qb6 15. e3 d4 16. e4 a5 17. Nd2 Ne5 18. Be2 Rc3 19. Qb1 axb4 20. axb4 Rfc8 21. Ra2 h5 22. h3 h4 23. f4 Ng6 24. Nc4 R8xc4 25. dxc4 Rxg3+ 26. Kh2 d3 27. Bg4 Qe3 28. Qe1 Nxg4+ 29. hxg4 Qxe1 30. Rxe1 Nxf4 31. c5 Rxg4 32. b5 Rg5 33. c6 bxc6 34. bxc6 Rc5 35. Rf1 g5 36. Rg1 Kh7 37. Ra7 Kg6 38. c7 Ne2 39. Rd1 Nf4 40. Kg1 Rc2 41. Rb7 Nh3+ 42. Kf1 Nf4 0-1


[Site "https://www.chess.com"]

[Event "Titled Tuesday Blitz June 15 2021"]
[White "Jobava, Baadur"]
[Black "Gunina, Valentina"]
[WhiteFideId "13601520"]
[BlackFideId "4167570"]
[WhiteElo "2748"]
[BlackElo "2399"]
[Result "0-1"]
[Round "11"]
[TimeControl "180+1"]
[Date "2021.06.15"]
[WhiteClock "0:01:25"]
[BlackClock "0:00:42"]

1. e4 c6 2. c4 d5 3. cxd5 cxd5 4. exd5 Nf6 5. Qa4+ Nbd7 6. Nc3 g6 7. Nf3 Bg7 8. Bc4 O-O 9. d3 a6 10. Qa3 Nb6 11. Qb3 Nxc4 12. dxc4 b5 13. O-O bxc4 14. Qxc4 Bb7 15. Rd1 Rc8 16. Qh4 Nxd5 17. Bh6 e6 18. Ng5 Qf6 19. Nce4 Qf4 20. g4 Nf6 21. Bxg7 Kxg7 22. Nxf6 h6 23. Ngh7 Qf3 24. Kf1 Rc2 25. Qg3 Qh1+ 26. Qg1 Bg2+ 27. Ke1 Qxg1# 0-1


[Site "https://www.chess.com"]

[Event "Titled Tuesday Blitz June 15 2021"]
[White "Jones, Gawain C B"]
[Black "Annaberdiyev, Babageldi"]
[WhiteFideId "409561"]
[BlackFideId "14000385"]
[WhiteElo "2657"]
[BlackElo "2332"]
[Result "1/2-1/2"]
[Round "11"]
[TimeControl "180+1"]
[Date "2021.06.15"]
[WhiteClock "0:00:17"]
[BlackClock "0:01:02"]

1. d4 Nf6 2. c4 g6 3. Nc3 Bg7 4. e4 d6 5. f4 O-O 6. Nf3 c5 7. d5 e6 8. dxe6 Bxe6 9. Be2 Nc6 10. O-O Nd4 11. Nxd4 cxd4 12. Qxd4 Bg4 13. Qd1 Qb6+ 14. Kh1 Bxe2 15. Qxe2 Rfe8 16. Qd3 Rac8 17. Be3 Qxb2 18. Nb5 Nxe4 19. Nxa7 Ra8 20. Nb5 Rxa2 21. Rxa2 Qxa2 22. Nc7 Re7 23. Nd5 Re8 24. Nc7 Re7 25. Nd5 Re8 26. f5 Nc5 27. Bxc5 dxc5 28. f6 Bf8 29. Ne7+ Kh8 30. h3 Qb2 31. Qd7 Ra8 32. Nd5 Kg8 33. Ne7+ Kh8 34. Nd5 Kg8 35. Ne7+ Kh8 1/2-1/2


[Site "https://www.chess.com"]

[Event "Titled Tuesday Blitz June 15 2021"]
[White "Khusnutdinov, Rustam"]
[Black "Xiong, Jeffery"]
[WhiteFideId "13701703"]
[BlackFideId "2047640"]
[WhiteElo "2571"]
[BlackElo "2724"]
[Result "0-1"]
[Round "11"]
[TimeControl "180+1"]
[Date "2021.06.15"]
[WhiteClock "0:01:27"]
[BlackClock "0:01:53"]

1. d4 g6 2. e4 Bg7 3. Nc3 a6 4. h4 h5 5. Be3 d6 6. Qd2 b5 7. O-O-O Bb7 8. f3 Nd7 9. Nh3 Ngf6 10. Ng5 e6 11. a3 Qe7 12. Kb1 Nb6 13. Bd3 Nfd7 14. Qf2 Rb8 15. Rhe1 c5 16. dxc5 dxc5 17. Bf4 Bxc3 18. Bxb8 Bxe1 19. Qxe1 Nxb8 20. Qc3 O-O 21. g4 hxg4 22. h5 Qxg5 0-1


[Site "https://www.chess.com"]

[Event "Titled Tuesday Blitz June 15 2021"]
[White "Lazavik, Denis"]
[Black "Shipov, Sergei"]
[WhiteFideId "13515110"]
[BlackFideId "4113624"]
[WhiteElo "2436"]
[BlackElo "2796"]
[Result "1-0"]
[Round "11"]
[TimeControl "180+1"]
[Date "2021.06.15"]
[WhiteClock "0:00:08"]
[BlackClock "0:00:09"]

1. d4 d5 2. c4 e6 3. Nf3 c5 4. cxd5 exd5 5. g3 Nc6 6. Bg2 Nf6 7. O-O Be7 8. Nc3 O-O 9. Bg5 cxd4 10. Nxd4 h6 11. Be3 Re8 12. Nb3 Be6 13. Rc1 h5 14. Bc5 h4 15. Bxe7 Qxe7 16. Qd2 h3 17. Bh1 Rad8 18. Nd4 Bg4 19. Qf4 Ne5 20. Nf5 Qe6 21. Nd4 Qd7 22. Rfd1 Ng6 23. Qd2 Qe7 24. Bf3 Bxf3 25. exf3 Ne5 26. Qf4 Nd3 27. Nf5 Nxf4 28. Nxe7+ Rxe7 29. gxf4 g6 30. Rd4 Red7 31. Ne2 Kg7 32. f5 g5 33. Kf1 Nh5 34. f4 g4 35. f3 gxf3 36. Ng1 Kf6 37. Nxf3 Kxf5 38. Nh4+ Kg4 39. f5+ Kg5 40. Nf3+ Kxf5 41. Rh4 Nf4 42. Re1 d4 43. Re5+ Kg6 44. Rxf4 f6 45. Ref5 Rd6 46. Nh4+ Kg7 47. Rg4+ Kf7 48. Rf2 d3 49. Rd2 Rc6 50. Nf3 Rc2 51. Kf2 Re8 52. Rxc2 dxc2 53. Rc4 Rg8 54. Ne1 Rd8 55. Rxc2 Rd1 56. Nf3 Ke6 57. Kg3 Kd5 58. Kxh3 Ke4 59. Kg3 Rd3 60. Re2+ Kf5 61. h4 b5 62. h5 b4 63. Rh2 Ke4 64. Rh4+ Kf5 65. h6 Rd8 66. Rxb4 Kg6 67. Rh4 Kh7 68. Rf4 Rd6 69. Rh4 Rb6 70. b3 Ra6 71. Ra4 Rxa4 72. bxa4 Kxh6 73. Kf4 Kg6 74. Nd4 Kf7 75. Nc6 a6 76. Nb8 a5 77. Nc6 1-0


[Site "https://www.chess.com"]

[Event "Titled Tuesday Blitz June 15 2021"]
[White "Matinian, Nikita"]
[Black "Balakrishnan, Praveen"]
[WhiteFideId "24129100"]
[BlackFideId "2064871"]
[WhiteElo "2410"]
[BlackElo "2237"]
[Result "1-0"]
[Round "11"]
[TimeControl "180+1"]
[Date "2021.06.15"]
[WhiteClock "0:00:11"]
[BlackClock "0:00:12"]

1. e4 c5 2. Nc3 a6 3. g3 g6 4. Bg2 Bg7 5. f4 Nc6 6. Nf3 d6 7. d3 e6 8. h4 h5 9. Be3 Nh6 10. Qd2 Ng4 11. Bg1 e5 12. Nd5 Ne7 13. O-O-O Nxd5 14. exd5 O-O 15. Kb1 exf4 16. gxf4 b5 17. Ng5 b4 18. Be4 a5 19. f5 gxf5 20. Bf3 a4 21. d4 b3 22. dxc5 a3 23. cxb3 axb2 24. Bd4 dxc5 25. Bxg7 Kxg7 26. Qxb2+ Kg8 27. d6 Ra6 28. d7 Bxd7 29. Qd2 Ra7 30. Bc6 Qf6 31. Bxd7 Rd8 32. Qe2 Rda8 33. a4 c4 34. Bb5 cxb3 35. Qb2 Qe7 36. Qxb3 Rc7 37. Rhe1 Qf6 38. Rc1 Rxc1+ 39. Rxc1 Rd8 40. Rc6 Qe7 41. Rg6+ Kh8 42. Nxf7+ Kh7 43. Nxd8 Qe1+ 44. Ka2 Qd2+ 45. Qb2 Qd5+ 46. Qb3 Qd2+ 47. Ka3 Qc1+ 48. Kb4 Qd2+ 49. Qc3 Qf4+ 50. Qc4 Qd2+ 51. Kc5 Kxg6 52. Qe6+ Kg7 53. Qd7+ Qxd7 54. Bxd7 f4 55. Bxg4 hxg4 56. Ne6+ Kf6 57. Nxf4 Kf5 58. Ng2 Ke4 59. a5 Kf3 60. a6 Kxg2 61. a7 Kh3 62. a8=Q Kxh4 63. Kd4 Kg3 64. Ke3 Kh2 65. Qh8+ Kg2 66. Qg7 g3 67. Kf4 Kf2 68. Qxg3+ Ke2 69. Qe3+ Kf1 70. Qd2 Kg1 71. Kg3 Kh1 72. Qe1# 1-0


[Site "https://www.chess.com"]

[Event "Titled Tuesday Blitz June 15 2021"]
[White "Mekhitarian, Krikor Sevag"]
[Black "Kamsky, Gata"]
[WhiteFideId "2107660"]
[BlackFideId "2000024"]
[WhiteElo "2598"]
[BlackElo "2644"]
[Result "1-0"]
[Round "11"]
[TimeControl "180+1"]
[Date "2021.06.15"]
[WhiteClock "0:00:06"]
[BlackClock "0:00:12"]

1. e4 c5 2. Nf3 e6 3. d4 cxd4 4. Nxd4 a6 5. Bd3 g6 6. O-O Bg7 7. Be3 Nf6 8. c4 O-O 9. Nc3 d6 10. Rc1 Nbd7 11. h3 Qc7 12. Re1 b6 13. Qd2 Bb7 14. Bh6 Rfd8 15. Bxg7 Kxg7 16. b3 h6 17. Qe3 e5 18. Nde2 Nc5 19. Bc2 a5 20. Rcd1 Ne6 21. Rd2 Qc5 22. Red1 Qxe3 23. fxe3 Ne8 24. Nb5 Kf8 25. Nxd6 Bc6 26. Nc3 Nxd6 27. Rxd6 Rac8 28. Rxd8+ Nxd8 29. Kf2 Ne6 30. h4 Rd8 31. Rxd8+ Nxd8 32. Nd5 b5 33. cxb5 Bxb5 34. Nc3 Ba6 35. Bd1 Ne6 36. Be2 Bb7 37. Bc4 Nc5 38. Bd5 Ba6 39. a3 Ke7 40. Kg3 f5 41. exf5 gxf5 42. b4 axb4 43. axb4 Nd7 44. b5 Bc8 45. Kf3 Kd6 46. Bc6 Nf6 47. g3 Be6 48. e4 Kc5 49. exf5 Bxf5 50. Ke3 Ng4+ 51. Kd2 Nf6 52. Na4+ Kb4 53. Nb2 Kc5 54. Ke3 Ng4+ 55. Kf3 Nf6 56. Ke3 Ng4+ 57. Kd2 Nf6 58. Nd3+ Kd4 59. Ne1 Kc5 60. Nf3 Ng4 61. Ke2 Be6 62. Nd2 Kd4 63. b6 Kc5 64. b7 1-0


[Site "https://www.chess.com"]

[Event "Titled Tuesday Blitz June 15 2021"]
[White "Moskalenko, Alexander"]
[Black "Gabrielian, Artur"]
[WhiteFideId "4155351"]
[BlackFideId "4131002"]
[WhiteElo "2495"]
[BlackElo "2539"]
[Result "1-0"]
[Round "11"]
[TimeControl "180+1"]
[Date "2021.06.15"]
[WhiteClock "0:00:10"]
[BlackClock "0:00:12"]

1. f4 Nf6 2. Nf3 g6 3. d3 Bg7 4. g3 O-O 5. Bg2 d6 6. O-O c5 7. c3 Nc6 8. e4 Rb8 9. h3 b5 10. g4 b4 11. f5 bxc3 12. bxc3 Nd7 13. Be3 Qa5 14. d4 cxd4 15. cxd4 Ba6 16. Rf2 Nc5 17. Rc2 Nb4 18. f6 Bxf6 19. e5 Bg7 20. Bd2 Ne4 21. a3 Nxd2 22. Qxd2 Qa4 23. Rc7 Nd5 24. Rxa7 Qb5 25. Nc3 Nxc3 26. Qxc3 Qb6 27. Rxe7 dxe5 28. Nxe5 Rbd8 29. Rd1 Bf6 30. Nd7 Qd6 31. Nxf6+ Qxf6 32. Re5 Qxe5 33. dxe5 Rxd1+ 34. Kh2 Rfd8 35. e6 fxe6 36. Qf6 Bc4 37. Be4 R1d4 38. Qe5 Rd2+ 39. Kg3 Bd5 40. Bxd5 R2xd5 41. Qxe6+ Kg7 42. Qe7+ Kg8 43. Qe6+ Kg7 44. Qe7+ Kg8 45. a4 R8d7 46. Qe6+ Kg7 47. a5 Rd3+ 48. Kg2 Rd2+ 49. Kg3 R2d5 50. a6 R5d6 51. Qe5+ Kf7 52. Qf4+ Ke7 53. Qg5+ Ke8 54. Qa5 Ra7 55. Qe5+ Kd7 56. Qg7+ Ke6 57. Qxa7 1-0


[Site "https://www.chess.com"]

[Event "Titled Tuesday Blitz June 15 2021"]
[White "Murzin, Volodar"]
[Black "Nguyen, Quoc Hy"]
[WhiteFideId "44155573"]
[BlackFideId "12410853"]
[WhiteElo "2541"]
[BlackElo "1975"]
[Result "1-0"]
[Round "11"]
[TimeControl "180+1"]
[Date "2021.06.15"]
[WhiteClock "0:00:04"]
[BlackClock "0:00:02"]

1. e4 c5 2. Nf3 d6 3. d4 cxd4 4. Qxd4 a6 5. Be2 Nc6 6. Qe3 g6 7. O-O Bg7 8. Rd1 Nf6 9. Nc3 O-O 10. Qf4 Qc7 11. Qh4 Re8 12. Bg5 Be6 13. Nd5 Bxd5 14. exd5 Na5 15. c4 Rac8 16. Rac1 b6 17. Nd4 Nb7 18. Rc3 Nc5 19. Rh3 h5 20. Nc6 Nce4 21. Be3 e6 22. Bf3 exd5 23. cxd5 Nxd5 24. Bxe4 Bf6 25. Bxd5 Bxh4 26. Rxh4 Qd7 27. Nd4 Rc5 28. Bb3 a5 29. Rf4 Re7 30. a4 Rce5 31. Rf6 d5 32. Rxb6 Qg4 33. Nf3 h4 34. h3 Qh5 35. Rd4 Re4 36. Rxd5 Qh7 37. Rb8+ Re8 38. Ng5 Qg7 39. Rdd8 Qf8 40. Rxe8 Rxe8 41. Rxe8 1-0


[Site "https://www.chess.com"]

[Event "Titled Tuesday Blitz June 15 2021"]
[White "Nesterov, Arseniy"]
[Black "elcandado"]
[WhiteFideId "24198455"]
[WhiteElo "2441"]
[BlackElo "2655"]
[Result "1/2-1/2"]
[Round "11"]
[TimeControl "180+1"]
[Date "2021.06.15"]
[WhiteClock "0:00:13"]
[BlackClock "0:00:28"]

1. d4 Nf6 2. c4 e6 3. Nf3 d5 4. Nc3 dxc4 5. e4 Bb4 6. Bxc4 Nxe4 7. O-O Nxc3 8. bxc3 Bd6 9. Re1 O-O 10. Ne5 Nc6 11. Qg4 f5 12. Qf3 Nxe5 13. dxe5 Bc5 14. Bf4 Qe8 15. Rad1 Rb8 16. h4 Bd7 17. h5 h6 18. Rd2 b5 19. Bb3 a5 20. Red1 Bc6 21. Qg3 Kh8 22. Qh4 a4 23. Bc2 Qe7 24. Qg3 Rfd8 25. Bd3 Rd5 26. c4 bxc4 27. Bxc4 Rxd2 28. Rxd2 Rd8 29. Rxd8+ Qxd8 30. Bxe6 Qd1+ 31. Kh2 Qxh5+ 32. Kg1 Qd1+ 33. Kh2 Qh5+ 34. Kg1 Qd1+ 35. Kh2 Qh5+ 1/2-1/2


[Site "https://www.chess.com"]

[Event "Titled Tuesday Blitz June 15 2021"]
[White "Pakleza, Zbigniew"]
[Black "Nazaretyan, Tigran"]
[WhiteFideId "1119290"]
[BlackFideId "24162345"]
[WhiteElo "2526"]
[BlackElo "2247"]
[Result "0-1"]
[Round "11"]
[TimeControl "180+1"]
[Date "2021.06.15"]
[WhiteClock "0:00:04"]
[BlackClock "0:00:37"]

1. d4 Nf6 2. Nf3 g6 3. Bf4 Bg7 4. e3 O-O 5. Be2 d6 6. h3 Nbd7 7. O-O b6 8. c3 Bb7 9. Nbd2 e6 10. Bh2 Qe7 11. a4 a6 12. Qb3 Rfe8 13. Rfc1 e5 14. Bc4 Bh6 15. Rd1 Kg7 16. Rac1 Rf8 17. Qa3 Rae8 18. Bf1 Ne4 19. Nxe4 Bxe4 20. dxe5 dxe5 21. Qxe7 Rxe7 22. Nd2 Bc6 23. b3 a5 24. Bc4 Nc5 25. Kf1 f6 26. Bg1 Rd8 27. Nb1 Red7 28. Rxd7+ Rxd7 29. f3 f5 30. Ke2 Kf6 31. Rd1 e4 32. f4 Rxd1 33. Kxd1 Bg7 34. Kc2 Nd3 35. g3 Ne1+ 36. Kd1 Nf3 37. Bf2 Bd7 38. Nd2 Nxd2 39. Kxd2 Be6 40. Bxe6 Kxe6 41. Kc2 Kd5 42. c4+ Kc5 43. Be1 Bf6 44. h4 h6 45. Bd2 c6 46. Be1 Kd6 47. Bd2 Kc7 48. Be1 g5 49. fxg5 hxg5 50. h5 Kd7 51. Bc3 Bxc3 52. Kxc3 Ke6 53. c5 bxc5 54. Kc4 Kf6 55. Kxc5 f4 56. exf4 e3 57. fxg5+ Kxg5 58. b4 e2 59. bxa5 e1=Q 60. Kxc6 Qxa5 0-1


[Site "https://www.chess.com"]

[Event "Titled Tuesday Blitz June 15 2021"]
[White "Sarana, Alexey"]
[Black "Demchenko, Anton"]
[WhiteFideId "24133795"]
[BlackFideId "4160258"]
[WhiteElo "2629"]
[BlackElo "2593"]
[Result "1/2-1/2"]
[Round "11"]
[TimeControl "180+1"]
[Date "2021.06.15"]
[WhiteClock "0:00:03"]
[BlackClock "0:00:05"]

1. e4 e5 2. Nf3 Nc6 3. Bc4 Nf6 4. d3 Be7 5. c3 O-O 6. Nbd2 d6 7. O-O Kh8 8. a4 Ng8 9. a5 a6 10. d4 Bg4 11. h3 Bh5 12. Qb3 Rb8 13. Bd5 f6 14. Qc4 Be8 15. b4 Bd7 16. Re1 Qe8 17. Be6 Bxe6 18. Qxe6 Nd8 19. Qc4 c6 20. Nf1 Qf7 21. Qxf7 Nxf7 22. Ng3 g6 23. Be3 h5 24. Rad1 Kg7 25. Rd2 Rbe8 26. Red1 Bd8 27. dxe5 fxe5 28. c4 Be7 29. Rd3 Nf6 30. Ng5 Nxg5 31. Bxg5 Rd8 32. f3 Kf7 33. Ne2 Nh7 34. Be3 Rfe8 35. Bb6 Rc8 36. g4 Nf8 37. gxh5 Ne6 38. hxg6+ Kxg6 39. Kf2 Rh8 40. Rg1+ Kf7 41. Rh1 Rcg8 42. Be3 Bh4+ 43. Kf1 Be7 44. f4 exf4 45. Nxf4 Nxf4 46. Bxf4 Ke6 47. Ke2 Rg2+ 48. Kf3 Rc2 49. c5 dxc5 50. bxc5 Bxc5 51. h4 Rf8 52. Kg3 Rf2 53. Bg5 Bd6+ 54. Kg4 Rg2+ 55. Kh5 Rh8+ 56. Kg6 Be7 57. Rhh3 Bxg5 58. hxg5 Rg8+ 59. Kh7 R2xg5 60. Rh6+ Ke5 61. Rd7 Kxe4 62. Rxb7 Rc8 63. Rh4+ Kf3 64. Rb3+ Kg2 65. Rc4 Rf8 66. Rxc6 Rxa5 67. Rg6+ Kf2 68. Rbb6 Rff5 69. Kg7 Kf3 70. Rxa6 Rxa6 71. Rxa6 Rf4 72. Rf6 Kg4 73. Kg6 Kf3 74. Rf5 Kg4 75. Rxf4+ Kxf4 1/2-1/2


[Site "https://www.chess.com"]

[Event "Titled Tuesday Blitz June 15 2021"]
[White "Shahade, Gregory"]
[Black "Sychev, Klementy"]
[WhiteFideId "2009064"]
[BlackFideId "4114060"]
[WhiteElo "2728"]
[BlackElo "2615"]
[Result "1/2-1/2"]
[Round "11"]
[TimeControl "180+1"]
[Date "2021.06.15"]
[WhiteClock "0:00:11"]
[BlackClock "0:00:07"]

1. e4 c5 2. Nf3 d6 3. d4 cxd4 4. Nxd4 Nf6 5. Nc3 g6 6. Be3 Bg7 7. f3 Nc6 8. Qd2 O-O 9. O-O-O d5 10. Qe1 e5 11. Nxc6 bxc6 12. exd5 Nxd5 13. Bc4 Be6 14. Ne4 h6 15. Nc5 Bc8 16. Qd2 Rb8 17. Bxd5 cxd5 18. Bxh6 Bxh6 19. Qxh6 Qb6 20. Nb3 a5 21. h4 Bf5 22. g4 Bxc2 23. Kxc2 a4 24. Kb1 axb3 25. a3 Qf2 26. Qd2 Qxf3 27. Qxd5 Qxg4 28. Qxe5 Rfe8 29. Qf6 Re6 30. Qc3 Qh5 31. Rhg1 Qxh4 32. Rh1 Qf6 33. Qg3 Ra8 34. Qh2 Rea6 35. Qh7+ Kf8 36. Qh6+ Kg8 37. Qh7+ Kf8 38. Qh6+ Qg7 39. Qe3 Kg8 40. Qh3 R6a7 41. Qh4 Re8 42. Rd8 Ra8 43. Rxa8 Rxa8 44. Qh3 Rd8 45. Qxb3 Qf6 46. Qh3 Qe5 47. Qh7+ Kf8 48. Qh8+ Qxh8 49. Rxh8+ Ke7 50. Rxd8 Kxd8 51. Kc2 g5 52. Kd3 f5 53. Ke3 Kc7 54. Kf3 Kb6 55. b3 Kb5 56. Kg3 f4+ 57. Kf3 Kc5 58. Ke4 Kb5 59. Kf3 Kc5 60. Ke4 Kb5 61. Kf3 1/2-1/2


[Site "https://www.chess.com"]

[Event "Titled Tuesday Blitz June 15 2021"]
[White "SpeedofLight0"]
[Black "De Silva, L M S T"]
[BlackFideId "9953698"]
[WhiteElo "2818"]
[BlackElo "1621"]
[Result "0-1"]
[Round "11"]
[TimeControl "180+1"]
[Date "2021.06.15"]
[WhiteClock "0:00:09"]
[BlackClock "0:00:06"]

1. d4 Nf6 2. Nf3 e6 3. c4 b6 4. g3 Bb7 5. Bg2 g6 6. O-O Bg7 7. Nc3 Ne4 8. Bf4 O-O 9. Nxe4 Bxe4 10. Re1 d6 11. Bf1 Nd7 12. Rc1 h6 13. Bd2 Qe8 14. Bc3 f5 15. Nd2 Bb7 16. e4 f4 17. e5 dxe5 18. dxe5 fxg3 19. hxg3 Nc5 20. b4 Qc6 21. f3 Na4 22. Ba1 Rad8 23. Re3 h5 24. Ra3 b5 25. cxb5 Qb6+ 26. Kg2 Bh6 27. Rc2 g5 28. Kh3 Bxf3 29. Qe1 Qg1 30. Nxf3 g4+ 31. Kh4 gxf3 32. Qe4 Rf4+ 33. Qxf4 Bxf4 34. Rxf3 Qh1+ 35. Bh3 Qxf3 36. Bxe6+ Kg7 37. Rxc7+ Kh8 38. gxf4 Qxf4+ 39. Kxh5 Qf3+ 40. Kg6 Qg3+ 41. Kh6 Qf4+ 42. Kg6 Qg3+ 43. Kh6 Qh4+ 44. Kg6 Nb6 45. Bb3 Qg4+ 46. Kh6 Qf4+ 47. Kg6 Qg3+ 48. Kh6 Qh2+ 49. Kg6 Rg8+ 50. Bxg8 Kxg8 51. Bd4 Qg3+ 52. Kh5 Qf3+ 53. Kg5 Qg3+ 54. Kh5 Qh3+ 55. Kg5 Qg2+ 56. Kf5 Qf3+ 57. Kg5 Qd5 58. Bc3 Nc4 59. Rc5 Qg2+ 60. Kf5 Qf3+ 61. Ke6 Qxc3 62. Kd5 Qd3+ 63. Kc6 Qe4+ 64. Kc7 Nxe5 65. a3 Nd3 66. Rc6 Qd5 67. a4 Nxb4 68. Rd6 Qc5+ 69. Kd7 Kf8 70. Re6 Nd5 71. Rc6 Qd4 72. Rd6 Nb6+ 73. Kc6 Qc4+ 74. Kb7 Qxa4 75. Rf6+ Ke7 76. Rf5 Qe4+ 77. Kxa7 Qxf5 78. Kxb6 Kd6 79. Ka7 Qxb5 80. Ka8 Kc7 0-1


[Site "https://www.chess.com"]

[Event "Titled Tuesday Blitz June 15 2021"]
[White "Timofeev, Artyom"]
[Black "Baskin, Robert"]
[WhiteFideId "4140419"]
[BlackFideId "24662402"]
[WhiteElo "2582"]
[BlackElo "2462"]
[Result "1-0"]
[Round "11"]
[TimeControl "180+1"]
[Date "2021.06.15"]
[WhiteClock "0:00:44"]
[BlackClock "0:00:44"]

1. c4 Nf6 2. Nc3 e5 3. e3 Bb4 4. Nge2 c6 5. a3 Ba5 6. b4 Bc7 7. Bb2 O-O 8. d4 a5 9. b5 exd4 10. Nxd4 d5 11. cxd5 cxd5 12. Be2 Nbd7 13. O-O Ne5 14. a4 Re8 15. Rc1 Bg4 16. Nf3 Qd6 17. g3 Bh3 18. Re1 Rad8 19. Ng5 Bf5 20. Nb1 h6 21. Nf3 Neg4 22. Bxf6 Qxf6 23. Rxc7 d4 24. exd4 Bxb1 25. Qxb1 Rxe2 26. Rxe2 Qxf3 27. Qe4 Qxe4 28. Rxe4 Nf6 29. Ree7 Rxd4 30. Rxf7 Nh5 31. Rxb7 Rxa4 32. Ra7 Rb4 33. Rf5 1-0


[Site "https://www.chess.com"]

[Event "Titled Tuesday Blitz June 15 2021"]
[White "Triapishko, Alexandr"]
[Black "Mirzoev, Azer"]
[WhiteFideId "14122286"]
[BlackFideId "13400304"]
[WhiteElo "2490"]
[BlackElo "2525"]
[Result "1-0"]
[Round "11"]
[TimeControl "180+1"]
[Date "2021.06.15"]
[WhiteClock "0:00:05"]
[BlackClock "0:00:01"]

1. Nf3 d5 2. g3 Nf6 3. Bg2 c6 4. c4 g6 5. b3 Bg7 6. Bb2 O-O 7. O-O Na6 8. d3 b6 9. Nbd2 Bb7 10. Rc1 c5 11. cxd5 Qxd5 12. Nc4 Qd7 13. Nce5 Qd8 14. d4 Rc8 15. dxc5 Nxc5 16. Qxd8 Rfxd8 17. Ng5 Bxg2 18. Kxg2 Rd2 19. Nc4 Rd5 20. Nf3 Nfe4 21. Ne3 Rdd8 22. Bxg7 Kxg7 23. Rc2 Ne6 24. Rfc1 Rxc2 25. Rxc2 f6 26. Rc4 Nd6 27. Ra4 Rd7 28. b4 Kf7 29. Ra3 Nb5 30. Rb3 Rc7 31. Rb2 Nbd4 32. Ne1 Rc3 33. Nd5 Rc1 34. Nd3 Rc2 35. Rxc2 Nxc2 36. e3 Ke8 37. Kf1 Kd7 38. Ke2 Na3 39. Nb2 Nb5 40. Kd3 Nec7 41. Nxc7 Nxc7 42. e4 Kc6 43. a4 Ne8 44. Nd1 Nd6 45. Ne3 a5 46. Nd5 axb4 47. Nxb4+ Kc5 48. Na6+ Kc6 49. f4 f5 50. Nb4+ Kc5 51. Na6+ Kc6 52. e5 Ne4 53. Kd4 Nd2 54. Nb4+ Kb7 55. Nd5 Nf3+ 56. Ke3 Nxh2 57. Nxe7 Kc7 58. Nd5+ Kc6 59. Nf6 Ng4+ 60. Nxg4 1-0


[Site "https://www.chess.com"]

[Event "Titled Tuesday Blitz June 15 2021"]
[White "Tsaruk, Maksim"]
[Black "Dobrov, Vladimir"]
[WhiteFideId "13511173"]
[BlackFideId "4136594"]
[WhiteElo "2197"]
[BlackElo "2614"]
[Result "0-1"]
[Round "11"]
[TimeControl "180+1"]
[Date "2021.06.15"]
[WhiteClock "0:00:35"]
[BlackClock "0:00:35"]

1. e4 c5 2. Nf3 d6 3. d4 cxd4 4. Nxd4 Nf6 5. Nc3 a6 6. g3 e5 7. Nb3 Be6 8. Bg2 h5 9. Bg5 Nbd7 10. Qd2 Be7 11. O-O-O b5 12. f4 Qc7 13. Nd5 Bxd5 14. exd5 O-O 15. Na5 Rfe8 16. Nc6 exf4 17. gxf4 Bf8 18. Rhe1 a5 19. Bf3 b4 20. Qd4 Qb7 21. Rg1 Kh8 22. Rd3 Qb5 23. Bxh5 Re4 24. Qf2 Nxh5 25. Rh3 g6 26. Rxh5+ gxh5 27. Qh4 Qe2 28. Bf6+ Kh7 29. Qg5 Qe3+ 30. Kd1 Qf3+ 0-1


[Site "https://www.chess.com"]

[Event "Titled Tuesday Blitz June 15 2021"]
[White "Urazayev, Arystanbek"]
[Black "Quparadze, Giga"]
[WhiteFideId "13709810"]
[BlackFideId "13602250"]
[WhiteElo "2321"]
[BlackElo "2658"]
[Result "0-1"]
[Round "11"]
[TimeControl "180+1"]
[Date "2021.06.15"]
[WhiteClock "0:00:06"]
[BlackClock "0:01:35"]

1. c4 c5 2. g3 Nc6 3. Bg2 g6 4. Nc3 Bg7 5. Nf3 d6 6. O-O e6 7. e3 Nge7 8. d4 O-O 9. d5 Na5 10. Nd2 exd5 11. Nxd5 Nxd5 12. Bxd5 Be6 13. Qf3 Qd7 14. Rb1 Bg4 15. Qh1 Be2 16. Re1 Bd3 17. Ra1 Bf5 18. Nb3 Nc6 19. e4 Bh3 20. Rb1 Ne5 21. Bf4 Nd3 22. Re3 Nb4 23. a3 Nxd5 24. exd5 b5 25. Nd2 Bd4 26. Ree1 Bf5 27. Ne4 bxc4 28. Rbd1 Bxb2 29. Nxd6 Bd3 30. Qf3 g5 31. Rxd3 cxd3 32. Nc4 gxf4 33. Nxb2 Rad8 34. Re5 f6 35. Rh5 d2 36. Qxf4 Qe8 37. Rh4 d1=Q+ 38. Nxd1 Qe1+ 39. Kg2 Qxd1 40. d6 Qd5+ 41. f3 Qxd6 42. Qh6 Qd2+ 0-1


[Site "https://www.chess.com"]